Americans vs Wolfpack

Created - March 23, 2025 at 23:19

Goals
1 2 3 T
Americans 1 1 0 2
Wolfpack 0 4 3 7
Shots
1 2 3 T
Americans 8 7 5 20
Wolfpack 7 15 12 34

1st period

1. Americans , Vladimir Tkachev 20 (Ryan Fitzgerald 31) at 17:41 (PP)

Penalties :
Ryan Culkin (Har) for Holding (Minor) at 15:46, Ryan Culkin (Har) for High sticking (Minor) at 18:25

2nd period

2. Wolfpack , Ryan Culkin 5 (Jake Marchment 15, Linus Sandin 10) at 2:09
3. Wolfpack , Alexander Barabanov 27 (Owen Tippet 28, Alex Barre-Boulet 34) at 4:12 (PP)
4. Wolfpack , Owen Tippet 20 (Alexander Barabanov 26, Alex Barre-Boulet 35) at 7:00
5. Americans , Michael McCarron 16 (Devon Teows 22, John Leonard 8) at 10:33
6. Wolfpack , Shane Pinto 4 (Andrei Altybarmakyan 13, Cale Fleury 12) at 16:50

Penalties :
John Leonard (Roc) for High sticking (Minor) at 3:33, Nolan Patrick (Har) for Roughing (Minor) at 7:50, Devon Teows (Roc) for Tripping (Minor) at 14:10, Dryden Hunt (Har) for Cross-checking (Minor) at 17:28

3rd period

7. Wolfpack , Sebastian Collberg 33 (Derrick Pouliot 44) at 0:08
8. Wolfpack , Owen Tippet 21 (Alex Barre-Boulet 36, Joshua Jacobs 10) at 2:31
9. Wolfpack , Yegor Korshkov 15 (Jake Marchment 16) at 4:50

Penalties :
Joshua Jacobs (Har) for High sticking (Double Minor) at 19:52

Goalie Stats

Connor Hellebyuk (Roc), 14 saves from 18 shots - (0.778), L, 26-21-4, 36:50 minutes
Peyton Jones (Roc), 13 saves from 16 shots - (0.813), 23:10 minutes
Charlie Lindgren (Har), 18 saves from 20 shots - (0.900), W, 21-8-2, 60:00 minutes

Players Stats for Americans

Player Name              G  A  P  +/- PIM S  H  SB GA TA FO     MP     PP MP  PK MP  
------------------------------------------------------------------------------------
Adam Brooks              0  0  0  -2  0   4  3  0  1  0  12/29  21:23   5:08   1:22 
Alex Schoenborn          0  0  0  -1  0   0  2  2  2  0  0/0    13:40   0:00   0:20 
Daniel Sprong            0  0  0  -2  0   0  3  0  0  1  0/0    17:58   2:51   0:00 
Devon Teows              0  1  1  -3  2   1  2  1  0  1  0/0    27:13   4:23   0:00 
Dillon Heatherington     0  0  0  -3  0   2  2  0  0  2  0/0    25:54   4:23   1:06 
Jacob Larsson            0  0  0  -1  0   0  1  0  0  1  0/0    22:22   3:36   1:44 
John Leonard             0  1  1  -1  2   3  0  1  0  1  0/0    12:27   0:00   0:00 
Matt Grzelcyk            0  0  0  -1  0   3  1  1  0  3  0/0    24:26   3:36   1:46 
Maxim Mamin              0  0  0  -1  0   0  0  1  0  0  0/0     4:56   0:00   0:00 
Michael McCarron         1  0  1  -1  0   2  2  0  0  0  1/1    12:43   0:00   0:00 
Nathan Noel              0  0  0   0  0   1  0  0  0  0  2/3     8:41   0:00   0:44 
Richard Nejezchleb       0  0  0  -2  0   0  1  2  0  0  1/1    20:19   5:08   0:32 
Ryan Fitzgerald          0  1  1  -2  0   1  1  1  0  0  7/12   17:56   2:51   0:32 
Samuel Bolduc            0  0  0   0  0   0  1  0  0  0  0/0     3:16   0:00   0:00 
Spencer Stastney         0  0  0  -1  0   1  0  3  0  0  0/0    13:28   0:00   0:20 
Teemu Pulkkinen          0  0  0  -2  0   1  4  1  0  0  2/4    25:02   5:08   1:38 
Vladimir Tkachev         1  0  1  -2  0   1  1  0  0  0  0/1    18:12   2:51   0:28 
Zachary Senyshyn         0  0  0   0  0   0  0  0  0  1  0/0     7:24   0:00   0:00 

Players Stats for Wolfpack

Player Name              G  A  P  +/- PIM S  H  SB GA TA FO     MP     PP MP  PK MP  
------------------------------------------------------------------------------------
Alex Barre-Boulet        0  3  3   2  0   0  1  1  0  0  3/5    15:47   1:07   1:05 
Alexander Barabanov      1  1  2   2  0   2  4  0  1  0  2/3    18:12   1:07   3:17 
Andrei Altybarmakyan     0  1  1   0  0   0  1  0  1  0  0/0     8:11   0:00   0:00 
Cale Fleury              0  1  1   4  0   1  0  0  1  0  0/0    15:14   0:00   1:35 
Colton White             0  0  0   0  0   1  0  1  0  1  0/0    26:32   2:02   4:52 
Derrick Pouliot          0  1  1   0  0   3  4  0  2  2  0/0    26:46   2:02   4:52 
Dryden Hunt              0  0  0   1  2   3  2  2  0  0  1/2    20:28   1:31   3:42 
Jake Marchment           0  2  2   2  0   2  0  0  0  0  0/3    14:16   0:00   1:34 
Jeffrey Viel             0  0  0   0  0   0  2  1  0  0  0/0     9:41   0:00   1:30 
Joshua Jacobs            0  1  1   4  4   2  0  0  1  0  0/0    13:00   0:00   0:00 
K'Andre Miller           0  0  0   1  0   0  1  1  0  0  0/0    19:34   0:36   3:07 
Linus Sandin             0  1  1   2  0   2  0  0  0  0  0/0    12:21   0:00   0:00 
Nolan Patrick            0  0  0   1  2   3  2  2  3  0  16/32  20:58   1:31   3:51 
Owen Tippet              2  1  3   2  0   4  3  1  0  0  0/0    14:28   1:07   0:00 
Ryan Culkin              1  0  1   1  4   4  1  2  1  0  0/0    18:11   0:36   1:32 
Sebastian Collberg       1  0  1   1  0   4  3  0  0  0  3/3    16:46   1:31   0:00 
Shane Pinto              1  0  1   0  0   1  1  0  0  0  1/3     8:58   0:00   0:47 
Yegor Korshkov           1  0  1   2  0   2  4  0  0  0  0/0    12:33   0:00   0:12 

3 Stars

1 - Owen Tippet (Har)
2 - Alexander Barabanov (Har)
3 - Alex Barre-Boulet (Har)

Power Play

Americans - 1 on 6 Attempt(s) - 16.67%
Wolfpack - 1 on 2 Attempt(s) - 50.00%

Penalty Kill

Americans - 1 on 2 Attempt(s) - 50.00% - Score 0 goal in Penalty Kill
Wolfpack - 5 on 6 Attempt(s) - 83.33% - Score 0 goal in Penalty Kill

Team Stat

Americans - Hits : 24 - Faceoff Wins : 25 - Blocked Shots : 13 - Penalty Minutes : 4
Wolfpack - Hits : 29 - Faceoff Wins : 26 - Blocked Shots : 11 - Penalty Minutes : 12

Official

Referees : TJ Luxmore and Trevor Hanson
Linesman : Travis Gawryletz and Matt MacPherson

Game Notes

Samuel Bolduc is injured at 14:11 of 1st period (Left Knee)
Peyton Jones enters game at 16:50 of 2nd period

Finance

Level 1 -- Attendance: 2000 (100.00%) -- Ticket Income $140,000
Level 2 -- Attendance: 1000 (100.00%) -- Ticket Income $40,000
Total Attendance: 3000 (100.00%)
Total Ticket Income: $180,000
Other Income: $9,000
Total Income: $189,000

Americans

5 vs 5 Forward 
   Center                   Left Wing                Right Wing               Time % Phy DF OF 
 1 Adam Brooks              Teemu Pulkkinen          Richard Nejezchleb       40     1   2  2  
 2 Ryan Fitzgerald          Vladimir Tkachev         Daniel Sprong            30     1   2  2  
 3 Michael McCarron         John Leonard             Alex Schoenborn          20     1   2  2  
 4 Nathan Noel              Teemu Pulkkinen          Zachary Senyshyn         10     1   2  2  

5 vs 5 Defense 
   Defense                  Defense                                           Time % Phy DF OF 
 1 Dillon Heatherington     Devon Teows                                       40     1   2  2  
 2 Matt Grzelcyk            Jacob Larsson                                     30     1   2  2  
 3 Spencer Stastney         Samuel Bolduc                                     20     1   2  2  
 4 Dillon Heatherington     Devon Teows                                       10     1   2  2  

PowerPlay Forward 
   Center                   Left Wing                Right Wing               Time % Phy DF OF 
 1 Adam Brooks              Teemu Pulkkinen          Richard Nejezchleb       60     1   2  2  
 2 Ryan Fitzgerald          Vladimir Tkachev         Daniel Sprong            40     1   2  2  

PowerPlay Defense
   Defense                  Defense                                           Time % Phy DF OF 
 1 Dillon Heatherington     Devon Teows                                       60     1   2  2  
 2 Matt Grzelcyk            Jacob Larsson                                     40     1   2  2  

Penalty Kill 4 Players Forward 
   Center                   Wing                     Time % Phy DF OF 
 1 Teemu Pulkkinen          Adam Brooks              60     1   2  2  
 2 Ryan Fitzgerald          Richard Nejezchleb       40     1   2  2  

Penalty Kill 4 Players Defense
   Defense                  Defense                  Time % Phy DF OF 
 1 Dillon Heatherington     Devon Teows              60     1   2  2  
 2 Matt Grzelcyk            Jacob Larsson            40     1   2  2  

Penalty Kill - 3 Players Forward 
   Forward                                           Time % Phy DF OF 
 1 Teemu Pulkkinen                                   60     1   2  2  
 2 Adam Brooks                                       40     1   2  2  

Penalty Kill - 3 Players Defense
   Defense                  Defense                  Time % Phy DF OF 
 1 Dillon Heatherington     Devon Teows              60     1   2  2  
 2 Matt Grzelcyk            Jacob Larsson            40     1   2  2  

4 vs 4 Forward 
   Center                   Wing                     Time % Phy DF OF 
 1 Teemu Pulkkinen          Adam Brooks              60     1   2  2  
 2 Ryan Fitzgerald          Richard Nejezchleb       40     1   2  2  

4 vs 4 Defense
   Defense                  Defense                  Time % Phy DF OF 
 1 Dillon Heatherington     Devon Teows              60     1   2  2  
 2 Matt Grzelcyk            Jacob Larsson            40     1   2  2  

Last Minutes Offensive
   Center                   Left Wing                Right Wing               Defense                  Defense                  
   Adam Brooks              Teemu Pulkkinen          Richard Nejezchleb       Dillon Heatherington     Devon Teows              

Last Minutes Defensive
   Center                   Left Wing                Right Wing               Defense                  Defense                  
   Adam Brooks              Teemu Pulkkinen          Richard Nejezchleb       Dillon Heatherington     Devon Teows              

Goaltenders
Starting : Connor Hellebyuk         
Backup : Peyton Jones             

Extra Forwards
Normal : Maxim Mamin, Michael McCarron, Nathan Noel - PP : Maxim Mamin, Michael McCarron - PK : Nathan Noel
Extra Defensemen
Normal : Spencer Stastney, Samuel Bolduc, Matt Grzelcyk - PP : Spencer Stastney - PK : Samuel Bolduc, Matt Grzelcyk
Penalty Shots
Teemu Pulkkinen, Adam Brooks, Ryan Fitzgerald, Richard Nejezchleb, Vladimir Tkachev
Custom OT Lines Forwards
Teemu Pulkkinen, Adam Brooks, Ryan Fitzgerald, Richard Nejezchleb, Vladimir Tkachev, Michael McCarron, Nathan Noel, Maxim Mamin, Daniel Sprong, Alex Schoenborn
Custom OT Lines Defensemen
Dillon Heatherington, Devon Teows, Matt Grzelcyk, Jacob Larsson, Spencer Stastney

Scratches
Peyton Krebs (Healthy), Xavier Bouchard (Healthy), Dmitri Semykin (Healthy), Lauri Pajuniemi (Healthy), Anthony Romano (Healthy)
Austin Wong (Healthy), Christopher Paquette (Healthy), Gianni Fairbrother (Healthy), Daniel Bukac (Healthy), Felix Bibeau (Healthy)
Simon Holmstrom (Healthy)

Wolfpack

5 vs 5 Forward 
   Center                   Left Wing                Right Wing               Time % Phy DF OF 
 1 Nolan Patrick            Dryden Hunt              Sebastian Collberg       40     1   2  2  
 2 Alex Barre-Boulet        Alexander Barabanov      Owen Tippet              30     1   2  2  
 3 Jake Marchment           Yegor Korshkov           Linus Sandin             20     1   2  2  
 4 Shane Pinto              Jeffrey Viel             Andrei Altybarmakyan     10     1   2  2  

5 vs 5 Defense 
   Defense                  Defense                                           Time % Phy DF OF 
 1 Derrick Pouliot          Colton White                                      40     1   2  2  
 2 Ryan Culkin              K'Andre Miller                                    30     1   2  2  
 3 Cale Fleury              Joshua Jacobs                                     20     1   2  2  
 4 Derrick Pouliot          Colton White                                      10     1   2  2  

PowerPlay Forward 
   Center                   Left Wing                Right Wing               Time % Phy DF OF 
 1 Nolan Patrick            Dryden Hunt              Sebastian Collberg       60     1   2  2  
 2 Alex Barre-Boulet        Alexander Barabanov      Owen Tippet              40     1   2  2  

PowerPlay Defense
   Defense                  Defense                                           Time % Phy DF OF 
 1 Derrick Pouliot          Colton White                                      60     1   2  2  
 2 Ryan Culkin              K'Andre Miller                                    40     1   2  2  

Penalty Kill 4 Players Forward 
   Center                   Wing                     Time % Phy DF OF 
 1 Nolan Patrick            Dryden Hunt              60     1   2  2  
 2 Alex Barre-Boulet        Alexander Barabanov      40     1   2  2  

Penalty Kill 4 Players Defense
   Defense                  Defense                  Time % Phy DF OF 
 1 Derrick Pouliot          Colton White             60     1   2  2  
 2 Ryan Culkin              K'Andre Miller           40     1   2  2  

Penalty Kill - 3 Players Forward 
   Forward                                           Time % Phy DF OF 
 1 Nolan Patrick                                     60     1   2  2  
 2 Alex Barre-Boulet                                 40     1   2  2  

Penalty Kill - 3 Players Defense
   Defense                  Defense                  Time % Phy DF OF 
 1 Derrick Pouliot          Colton White             60     1   2  2  
 2 Ryan Culkin              K'Andre Miller           40     1   2  2  

4 vs 4 Forward 
   Center                   Wing                     Time % Phy DF OF 
 1 Nolan Patrick            Dryden Hunt              60     1   2  2  
 2 Alex Barre-Boulet        Alexander Barabanov      40     1   2  2  

4 vs 4 Defense
   Defense                  Defense                  Time % Phy DF OF 
 1 Derrick Pouliot          Colton White             60     1   2  2  
 2 Ryan Culkin              K'Andre Miller           40     1   2  2  

Last Minutes Offensive
   Center                   Left Wing                Right Wing               Defense                  Defense                  
   Nolan Patrick            Dryden Hunt              Sebastian Collberg       Derrick Pouliot          Colton White             

Last Minutes Defensive
   Center                   Left Wing                Right Wing               Defense                  Defense                  
   Nolan Patrick            Dryden Hunt              Sebastian Collberg       Derrick Pouliot          Colton White             

Goaltenders
Starting : Charlie Lindgren         
Backup : Samuel Ersson            

Extra Forwards
Normal : Alexander Barabanov, Alex Barre-Boulet, Jake Marchment - PP : Alexander Barabanov, Alex Barre-Boulet - PK : Alexander Barabanov
Extra Defensemen
Normal : K'Andre Miller, Cale Fleury, Joshua Jacobs - PP : K'Andre Miller - PK : K'Andre Miller, Cale Fleury
Penalty Shots
Sebastian Collberg, Nolan Patrick, Owen Tippet, Dryden Hunt, Alexander Barabanov
Custom OT Lines Forwards
Sebastian Collberg, Nolan Patrick, Owen Tippet, Dryden Hunt, Alexander Barabanov, Alex Barre-Boulet, Jake Marchment, Linus Sandin, Andrei Altybarmakyan, Yegor Korshkov
Custom OT Lines Defensemen
Derrick Pouliot, Colton White, Ryan Culkin, K'Andre Miller, Cale Fleury

Scratches
Ryan Poehling (Healthy), Mason Shaw (Healthy), Ben Jones (Healthy), Samuel Houde (Healthy), Dylan Samberg (Healthy)
Mikhail Vorobyev (Healthy), Andrew Peeke (Healthy), Dante Fabbro (Healthy), Alexander Volkov (Healthy), Jack Drury (Healthy)
Jakub Lauko (Healthy), Martin Kaut (Healthy), Mathias Laferriere (Healthy), Maxwell Crozier (Healthy), Will Francis (Healthy)
Dustin Wolf (Healthy)

% Time on Ice - Americans

Lines # - Real PCT - Wanted PCT - Time Play
Normal Forward
1 - 31% - 40% - 15:18
2 - 29% - 30% - 14:16
3 - 25% - 20% - 12:28
4 - 15% - 10% - 7:21
Normal Defense
1 - 34% - 40% - 16:41
2 - 32% - 30% - 15:47
3 - 32% - 20% - 15:57
4 - 2% - 10% - 0:58
PP Forward
1 - 64% - 60% - 5:08
2 - 36% - 40% - 2:51
PP Defense
1 - 55% - 60% - 4:23
2 - 45% - 40% - 3:36
PK Forward
1 - 80% - 60% - 2:06
2 - 20% - 40% - 0:32
PK Defense
1 - 75% - 60% - 1:59
2 - 25% - 40% - 0:39
PK3 Forward
1 - 0% - 60%
2 - 0% - 40%
PK3 Defense
1 - 0% - 60%
2 - 0% - 40%
44 Forward
1 - 0% - 60%
2 - 0% - 40%
44 Defense
1 - 0% - 60%
2 - 0% - 40%
Last Minute Offensive  - 0:00
Last Minute Defensive  - 0:00
Total
Forward - 60:00
Defense - 60:00

% Time on Ice - Wolfpack

Lines # - Real PCT - Wanted PCT - Time Play
Normal Forward
1 - 31% - 40% - 15:16
2 - 28% - 30% - 13:35
3 - 25% - 20% - 12:21
4 - 17% - 10% - 8:11
Normal Defense
1 - 39% - 40% - 19:07
2 - 32% - 30% - 15:51
3 - 26% - 20% - 12:55
4 - 3% - 10% - 1:30
PP Forward
1 - 58% - 60% - 1:31
2 - 42% - 40% - 1:07
PP Defense
1 - 77% - 60% - 2:02
2 - 23% - 40% - 0:36
PK Forward
1 - 86% - 60% - 6:54
2 - 14% - 40% - 1:05
PK Defense
1 - 61% - 60% - 4:52
2 - 39% - 40% - 3:07
PK3 Forward
1 - 0% - 60%
2 - 0% - 40%
PK3 Defense
1 - 0% - 60%
2 - 0% - 40%
44 Forward
1 - 0% - 60%
2 - 0% - 40%
44 Defense
1 - 0% - 60%
2 - 0% - 40%
Last Minute Offensive  - 0:00
Last Minute Defensive  - 0:00
Total
Forward - 60:00
Defense - 60:00

Play-by-Play

1st period


0:01 of 1st period - Adam Brooks wins face-off versus Nolan Patrick in neutral zone.
0:15 of 1st period - Nolan Patrick is hit by Teemu Pulkkinen and loses puck.
1:01 of 1st period - Matt Grzelcyk is hit by Derrick Pouliot and loses puck.
1:08 of 1st period - Colton White is hit by Alex Schoenborn and loses puck.
1:37 of 1st period - Backhand shot by John Leonard.
1:37 of 1st period - Stopped by Charlie Lindgren with a rebound.
2:01 of 1st period - Wrist shot by John Leonard.
2:01 of 1st period - Stopped by Charlie Lindgren with a rebound.
2:59 of 1st period - Colton White is hit by Alex Schoenborn and loses puck.
3:29 of 1st period - Wrist shot by Michael McCarron.
3:29 of 1st period - Stopped by Charlie Lindgren with a rebound.
3:47 of 1st period - Michael McCarron is hit by Yegor Korshkov and loses puck.
4:13 of 1st period - Off-side.
4:14 of 1st period - Richard Nejezchleb wins face-off versus Nolan Patrick in neutral zone.
4:39 of 1st period - Devon Teows is hit by Ryan Culkin and loses puck.
4:52 of 1st period - Snap shot by Andrei Altybarmakyan.
4:52 of 1st period - Shot Misses the Net.
5:24 of 1st period - Snap shot by Dryden Hunt.
5:24 of 1st period - Shot Blocked by Spencer Stastney.
5:32 of 1st period - Snap shot by Dryden Hunt.
5:32 of 1st period - Stopped by Connor Hellebyuk with a rebound.
5:34 of 1st period - Slapshot by Dryden Hunt.
5:34 of 1st period - Shot Misses the Net.
5:44 of 1st period - K'Andre Miller is hit by Samuel Bolduc.
6:24 of 1st period - Vladimir Tkachev is hit by Shane Pinto and loses puck.
7:03 of 1st period - Ryan Fitzgerald is hit by Owen Tippet and loses puck.
7:17 of 1st period - Icing by K'Andre Miller.
7:18 of 1st period - Alex Barre-Boulet wins face-off versus Nathan Noel in Wolfpack zone.
7:59 of 1st period - Richard Nejezchleb is hit by Sebastian Collberg and loses puck.
8:12 of 1st period - Vladimir Tkachev is hit by Alexander Barabanov.
8:20 of 1st period - Snap shot by Alex Barre-Boulet.
8:20 of 1st period - Deflect By Alexander Barabanov.
8:20 of 1st period - Shot Misses the Net.
8:20 of 1st period - Puck is out of play.
8:21 of 1st period - Nathan Noel wins face-off versus Alexander Barabanov in Americans zone.
8:43 of 1st period - Nolan Patrick is hit by Adam Brooks and loses puck.
8:54 of 1st period - Ryan Fitzgerald is hit by Andrei Altybarmakyan and loses puck.
9:01 of 1st period - Ryan Fitzgerald is hit by Jeffrey Viel and loses puck.
9:19 of 1st period - Jacob Larsson is hit by Owen Tippet and loses puck.
9:24 of 1st period - Slapshot by Owen Tippet.
9:24 of 1st period - Stopped by Connor Hellebyuk with a rebound.
9:26 of 1st period - Slapshot by Joshua Jacobs.
9:26 of 1st period - Stopped by Connor Hellebyuk with a rebound.
9:54 of 1st period - Spencer Stastney is hit by Jeffrey Viel and loses puck.
10:07 of 1st period - Sebastian Collberg is hit by Adam Brooks and loses puck.
10:28 of 1st period - Slapshot by Nathan Noel.
10:28 of 1st period - Stopped by Charlie Lindgren with a rebound.
10:52 of 1st period - Adam Brooks is hit by K'Andre Miller and loses puck.
11:38 of 1st period - Icing by Derrick Pouliot.
11:39 of 1st period - Ryan Fitzgerald wins face-off versus Shane Pinto in Wolfpack zone.
12:26 of 1st period - Wrist shot by Michael McCarron.
12:26 of 1st period - Shot Misses the Net.
12:32 of 1st period - Alex Schoenborn is hit by Alexander Barabanov and loses puck.
14:10 of 1st period - Samuel Bolduc is hit by Sebastian Collberg and loses puck.
14:11 of 1st period - Samuel Bolduc from Americans is injured at 14:11 of 1st period (Left Knee).
14:12 of 1st period - Nolan Patrick wins face-off versus Adam Brooks in Americans zone.
14:15 of 1st period - Wrist shot by Nolan Patrick.
14:15 of 1st period - Deflect By Dryden Hunt.
14:15 of 1st period - Stopped by Connor Hellebyuk without a rebound.
14:16 of 1st period - Nolan Patrick wins face-off versus Adam Brooks in Americans zone.
14:25 of 1st period - Snap shot by Nolan Patrick.
14:25 of 1st period - Shot Misses the Net.
14:31 of 1st period - Slapshot by Teemu Pulkkinen.
14:31 of 1st period - Shot Misses the Net.
14:51 of 1st period - Slapshot by Ryan Fitzgerald.
14:51 of 1st period - Shot Blocked by Alex Barre-Boulet.
15:09 of 1st period - Snap shot by Linus Sandin.
15:09 of 1st period - Shot Misses the Net.
15:11 of 1st period - Snap shot by Jake Marchment.
15:11 of 1st period - Stopped by Connor Hellebyuk without a rebound.
15:12 of 1st period - Adam Brooks wins face-off versus Nolan Patrick in Americans zone.
15:23 of 1st period - Snap shot by Nolan Patrick.
15:23 of 1st period - Stopped by Connor Hellebyuk without a rebound.
15:24 of 1st period - Adam Brooks wins face-off versus Nolan Patrick in Americans zone.
15:24 of 1st period - Adam Brooks is hit by Dryden Hunt.
15:46 of 1st period - Minor Penalty to Ryan Culkin for Holding.
15:47 of 1st period - Adam Brooks wins face-off versus Nolan Patrick in Wolfpack zone.
15:58 of 1st period - Derrick Pouliot is hit by Adam Brooks.
16:49 of 1st period - Icing by Richard Nejezchleb.
16:50 of 1st period - Adam Brooks wins face-off versus Nolan Patrick in Americans zone.
17:33 of 1st period - Snap shot by Teemu Pulkkinen.
17:33 of 1st period - Shot Misses the Net.
17:35 of 1st period - Wrist shot by Richard Nejezchleb.
17:35 of 1st period - Shot Misses the Net.
17:37 of 1st period - Wrist shot by Teemu Pulkkinen.
17:37 of 1st period - Shot Misses the Net.
17:39 of 1st period - Slapshot by Matt Grzelcyk.
17:39 of 1st period - Deflect By Adam Brooks.
17:39 of 1st period - Stopped by Charlie Lindgren without a rebound.
17:40 of 1st period - Ryan Fitzgerald wins face-off versus Nolan Patrick in Wolfpack zone.
17:41 of 1st period - Snap shot by Vladimir Tkachev.
17:41 of 1st period - Goal by Vladimir Tkachev - Americans : 1 - Wolfpack : 0.
17:42 of 1st period - Sebastian Collberg wins face-off versus Ryan Fitzgerald in neutral zone.
17:47 of 1st period - Wrist shot by Nolan Patrick.
17:47 of 1st period - Stopped by Connor Hellebyuk with a rebound.
18:06 of 1st period - Icing by Vladimir Tkachev.
18:07 of 1st period - Alexander Barabanov wins face-off versus Adam Brooks in Americans zone.
18:15 of 1st period - Wrist shot by Owen Tippet.
18:15 of 1st period - Deflect By Alexander Barabanov.
18:15 of 1st period - Shot Misses the Net.
18:15 of 1st period - Puck is out of play.
18:16 of 1st period - Adam Brooks wins face-off versus Nolan Patrick in Americans zone.
18:16 of 1st period - Adam Brooks is hit by Sebastian Collberg.
18:25 of 1st period - Minor Penalty to Ryan Culkin for High sticking.
18:26 of 1st period - Adam Brooks wins face-off versus Nolan Patrick in Wolfpack zone.
18:28 of 1st period - Snap shot by Adam Brooks.
18:28 of 1st period - Stopped by Charlie Lindgren without a rebound.
18:29 of 1st period - Dryden Hunt wins face-off versus Adam Brooks in Wolfpack zone.
19:03 of 1st period - Off-side.
19:04 of 1st period - Ryan Fitzgerald wins face-off versus Alex Barre-Boulet in neutral zone.
19:32 of 1st period - Off-side.
19:33 of 1st period - Nolan Patrick wins face-off versus Adam Brooks in neutral zone.
19:38 of 1st period - Wrist shot by Nolan Patrick.
19:38 of 1st period - Shot Blocked by Richard Nejezchleb.
19:52 of 1st period - Slapshot by Dillon Heatherington.
19:52 of 1st period - Deflect By Derrick Pouliot.
19:52 of 1st period - Stopped by Charlie Lindgren with a rebound.
Goals for this period are 1 for Americans vs 0 for Wolfpack.
Shots for this period are 8 for Americans vs 7 for Wolfpack.

2nd period


0:01 of 2nd period - Teemu Pulkkinen wins face-off versus Nolan Patrick in neutral zone.
0:11 of 2nd period - Slapshot by Adam Brooks.
0:11 of 2nd period - Shot Misses the Net.
0:13 of 2nd period - Wrist shot by Dillon Heatherington.
0:13 of 2nd period - Shot Blocked by Dryden Hunt.
0:25 of 2nd period - Penalty to Ryan Culkin is over, Ryan Culkin is back on ice.
2:05 of 2nd period - Wrist shot by Linus Sandin.
2:05 of 2nd period - Shot Blocked by Spencer Stastney.
2:07 of 2nd period - Wrist shot by Jake Marchment.
2:07 of 2nd period - Shot Blocked by Devon Teows.
2:09 of 2nd period - Slapshot by Ryan Culkin.
2:09 of 2nd period - Goal by Ryan Culkin - Americans : 1 - Wolfpack : 1.
2:10 of 2nd period - Adam Brooks wins face-off versus Nolan Patrick in neutral zone.
2:12 of 2nd period - Off-side.
2:13 of 2nd period - Nolan Patrick wins face-off versus Adam Brooks in neutral zone.
2:26 of 2nd period - Snap shot by Sebastian Collberg.
2:26 of 2nd period - Shot Blocked by Richard Nejezchleb.
2:28 of 2nd period - Slapshot by Derrick Pouliot.
2:28 of 2nd period - Stopped by Connor Hellebyuk with a rebound.
3:03 of 2nd period - Slapshot by Dillon Heatherington.
3:03 of 2nd period - Shot Blocked by Owen Tippet.
3:09 of 2nd period - Snap shot by Ryan Fitzgerald.
3:09 of 2nd period - Shot Blocked by Ryan Culkin.
3:17 of 2nd period - Daniel Sprong is hit by Alex Barre-Boulet and loses puck.
3:33 of 2nd period - Minor Penalty to John Leonard for High sticking.
3:34 of 2nd period - Teemu Pulkkinen wins face-off versus Nolan Patrick in Americans zone.
4:10 of 2nd period - Wrist shot by Owen Tippet.
4:10 of 2nd period - Shot Misses the Net.
4:12 of 2nd period - Slapshot by Alexander Barabanov.
4:12 of 2nd period - Goal by Alexander Barabanov - Americans : 1 - Wolfpack : 2.
4:13 of 2nd period - Nolan Patrick wins face-off versus Ryan Fitzgerald in neutral zone.
4:22 of 2nd period - Wrist shot by Dryden Hunt.
4:22 of 2nd period - Stopped by Connor Hellebyuk with a rebound.
4:24 of 2nd period - Slapshot by Colton White.
4:24 of 2nd period - Stopped by Connor Hellebyuk with a rebound.
4:26 of 2nd period - Wrist shot by Sebastian Collberg.
4:26 of 2nd period - Stopped by Connor Hellebyuk with a rebound.
4:40 of 2nd period - Teemu Pulkkinen is hit by Derrick Pouliot and loses puck.
4:49 of 2nd period - Adam Brooks is hit by Alexander Barabanov and loses puck.
5:07 of 2nd period - Slapshot by Devon Teows.
5:07 of 2nd period - Deflect By K'Andre Miller.
5:07 of 2nd period - Stopped by Charlie Lindgren without a rebound.
5:08 of 2nd period - Nolan Patrick wins face-off versus Ryan Fitzgerald in Wolfpack zone.
5:23 of 2nd period - Snap shot by Ryan Fitzgerald.
5:23 of 2nd period - Shot Blocked by Nolan Patrick.
5:41 of 2nd period - Backhand shot by Teemu Pulkkinen.
5:41 of 2nd period - Stopped by Charlie Lindgren with a rebound.
6:13 of 2nd period - Derrick Pouliot is hit by Vladimir Tkachev and loses puck.
6:50 of 2nd period - Wrist shot by Alexander Barabanov.
6:50 of 2nd period - Shot Misses the Net.
6:52 of 2nd period - Snap shot by Alexander Barabanov.
6:52 of 2nd period - Shot Misses the Net.
6:54 of 2nd period - Snap shot by Alexander Barabanov.
6:54 of 2nd period - Stopped by Connor Hellebyuk with a rebound.
6:56 of 2nd period - Snap shot by Owen Tippet.
6:56 of 2nd period - Shot Misses the Net.
6:58 of 2nd period - Snap shot by Alex Barre-Boulet.
6:58 of 2nd period - Shot Blocked by Ryan Fitzgerald.
7:00 of 2nd period - Snap shot by Alexander Barabanov.
7:00 of 2nd period - Deflect By Owen Tippet.
7:00 of 2nd period - Goal by Owen Tippet - Americans : 1 - Wolfpack : 3.
7:01 of 2nd period - Nolan Patrick wins face-off versus Adam Brooks in neutral zone.
7:32 of 2nd period - Snap shot by Ryan Culkin.
7:32 of 2nd period - Deflect By Yegor Korshkov.
7:32 of 2nd period - Shot Misses the Net.
7:32 of 2nd period - Puck is out of play.
7:33 of 2nd period - Ryan Fitzgerald wins face-off versus Jake Marchment in Americans zone.
7:33 of 2nd period - Ryan Fitzgerald is hit by Yegor Korshkov.
7:45 of 2nd period - Slapshot by Ryan Fitzgerald.
7:45 of 2nd period - Stopped by Charlie Lindgren with a rebound.
7:47 of 2nd period - Slapshot by Spencer Stastney.
7:47 of 2nd period - Stopped by Charlie Lindgren without a rebound.
7:48 of 2nd period - Nolan Patrick wins face-off versus Adam Brooks in Wolfpack zone.
7:50 of 2nd period - Minor Penalty to Nolan Patrick for Roughing.
7:51 of 2nd period - Alexander Barabanov wins face-off versus Adam Brooks in Wolfpack zone.
7:51 of 2nd period - Alexander Barabanov is hit by Richard Nejezchleb.
9:50 of 2nd period - Penalty to Nolan Patrick is over, Nolan Patrick is back on ice.
10:25 of 2nd period - Slapshot by Matt Grzelcyk.
10:25 of 2nd period - Stopped by Charlie Lindgren without a rebound.
10:26 of 2nd period - Michael McCarron wins face-off versus Shane Pinto in Wolfpack zone.
10:27 of 2nd period - Snap shot by John Leonard.
10:27 of 2nd period - Shot Misses the Net.
10:29 of 2nd period - Snap shot by Michael McCarron.
10:29 of 2nd period - Shot Blocked by Jeffrey Viel.
10:31 of 2nd period - Snap shot by Devon Teows.
10:31 of 2nd period - Shot Misses the Net.
10:33 of 2nd period - Wrist shot by Michael McCarron.
10:33 of 2nd period - Goal by Michael McCarron - Americans : 2 - Wolfpack : 3.
10:34 of 2nd period - Adam Brooks wins face-off versus Nolan Patrick in neutral zone.
11:17 of 2nd period - Linus Sandin is hit by Daniel Sprong and loses puck.
12:21 of 2nd period - Matt Grzelcyk is hit by Dryden Hunt.
12:52 of 2nd period - Backhand shot by Linus Sandin.
12:52 of 2nd period - Stopped by Connor Hellebyuk without a rebound.
12:53 of 2nd period - Alex Barre-Boulet wins face-off versus Vladimir Tkachev in Americans zone.
13:06 of 2nd period - Alexander Barabanov is hit by Daniel Sprong and loses puck.
13:21 of 2nd period - Slapshot by Colton White.
13:21 of 2nd period - Shot Misses the Net.
13:47 of 2nd period - Wrist shot by Yegor Korshkov.
13:47 of 2nd period - Stopped by Connor Hellebyuk without a rebound.
13:48 of 2nd period - Ryan Fitzgerald wins face-off versus Jake Marchment in Americans zone.
14:10 of 2nd period - Minor Penalty to Devon Teows for Tripping.
14:11 of 2nd period - Sebastian Collberg wins face-off versus Teemu Pulkkinen in Americans zone.
16:10 of 2nd period - Penalty to Devon Teows is over, Devon Teows is back on ice.
16:26 of 2nd period - Slapshot by Devon Teows.
16:26 of 2nd period - Shot Misses the Net.
16:48 of 2nd period - Snap shot by Shane Pinto.
16:48 of 2nd period - Shot Blocked by Maxim Mamin.
16:50 of 2nd period - Wrist shot by Shane Pinto.
16:50 of 2nd period - Goal by Shane Pinto - Americans : 2 - Wolfpack : 4.
16:50 of 2nd period - Peyton Jones enters game.
16:51 of 2nd period - Alex Barre-Boulet wins face-off versus Adam Brooks in neutral zone.
17:06 of 2nd period - Slapshot by Ryan Culkin.
17:06 of 2nd period - Deflect By Alex Barre-Boulet.
17:06 of 2nd period - Shot Blocked by Teemu Pulkkinen.
17:06 of 2nd period - Puck is out of play.
17:07 of 2nd period - Nolan Patrick wins face-off versus Ryan Fitzgerald in Americans zone.
17:10 of 2nd period - Wrist shot by Sebastian Collberg.
17:10 of 2nd period - Stopped by Peyton Jones with a rebound.
17:12 of 2nd period - Slapshot by Nolan Patrick.
17:12 of 2nd period - Stopped by Peyton Jones with a rebound.
17:14 of 2nd period - Slapshot by Ryan Culkin.
17:14 of 2nd period - Stopped by Peyton Jones with a rebound.
17:16 of 2nd period - Wrist shot by Ryan Culkin.
17:16 of 2nd period - Stopped by Peyton Jones with a rebound.
17:28 of 2nd period - Minor Penalty to Dryden Hunt for Cross-checking.
17:29 of 2nd period - Nolan Patrick wins face-off versus Adam Brooks in Wolfpack zone.
17:40 of 2nd period - Slapshot by Adam Brooks.
17:40 of 2nd period - Shot Misses the Net.
17:42 of 2nd period - Slapshot by Dillon Heatherington.
17:42 of 2nd period - Stopped by Charlie Lindgren without a rebound.
17:43 of 2nd period - Adam Brooks wins face-off versus Nolan Patrick in Wolfpack zone.
18:14 of 2nd period - Slapshot by Devon Teows.
18:14 of 2nd period - Shot Blocked by Colton White.
18:16 of 2nd period - Snap shot by Daniel Sprong.
18:16 of 2nd period - Shot Blocked by Nolan Patrick.
18:18 of 2nd period - Snap shot by Vladimir Tkachev.
18:18 of 2nd period - Shot Misses the Net.
19:22 of 2nd period - Yegor Korshkov is hit by Dillon Heatherington and loses puck.
19:28 of 2nd period - Penalty to Dryden Hunt is over, Dryden Hunt is back on ice.
Goals for this period are 1 for Americans vs 4 for Wolfpack.
Shots for this period are 7 for Americans vs 15 for Wolfpack.

3rd period


0:01 of 3rd period - Sebastian Collberg wins face-off versus Teemu Pulkkinen in neutral zone.
0:04 of 3rd period - Snap shot by Derrick Pouliot.
0:04 of 3rd period - Shot Misses the Net.
0:06 of 3rd period - Slapshot by Derrick Pouliot.
0:06 of 3rd period - Stopped by Peyton Jones with a rebound.
0:08 of 3rd period - Wrist shot by Sebastian Collberg.
0:08 of 3rd period - Goal by Sebastian Collberg - Americans : 2 - Wolfpack : 5.
0:09 of 3rd period - Nolan Patrick wins face-off versus Adam Brooks in neutral zone.
0:20 of 3rd period - Snap shot by Nolan Patrick.
0:20 of 3rd period - Shot Misses the Net.
0:34 of 3rd period - Daniel Sprong is hit by Yegor Korshkov and loses puck.
0:43 of 3rd period - Snap shot by Linus Sandin.
0:43 of 3rd period - Stopped by Peyton Jones with a rebound.
1:01 of 3rd period - Slapshot by John Leonard.
1:01 of 3rd period - Stopped by Charlie Lindgren without a rebound.
1:02 of 3rd period - Adam Brooks wins face-off versus Alex Barre-Boulet in Wolfpack zone.
1:29 of 3rd period - Matt Grzelcyk is hit by Nolan Patrick and loses puck.
1:34 of 3rd period - Wrist shot by Sebastian Collberg.
1:34 of 3rd period - Stopped by Peyton Jones with a rebound.
1:52 of 3rd period - Snap shot by Michael McCarron.
1:52 of 3rd period - Shot Misses the Net.
1:54 of 3rd period - Slapshot by Matt Grzelcyk.
1:54 of 3rd period - Shot Misses the Net.
1:56 of 3rd period - Wrist shot by John Leonard.
1:56 of 3rd period - Shot Blocked by Ryan Culkin.
1:58 of 3rd period - Backhand shot by Matt Grzelcyk.
1:58 of 3rd period - Shot Blocked by K'Andre Miller.
2:13 of 3rd period - Snap shot by Adam Brooks.
2:13 of 3rd period - Stopped by Charlie Lindgren with a rebound.
2:31 of 3rd period - Snap shot by Alex Barre-Boulet.
2:31 of 3rd period - Deflect By Owen Tippet.
2:31 of 3rd period - Goal by Owen Tippet - Americans : 2 - Wolfpack : 6.
2:32 of 3rd period - Nolan Patrick wins face-off versus Adam Brooks in neutral zone.
2:39 of 3rd period - Snap shot by Nolan Patrick.
2:39 of 3rd period - Shot Misses the Net.
2:45 of 3rd period - Snap shot by Sebastian Collberg.
2:45 of 3rd period - Shot Misses the Net.
3:24 of 3rd period - Ryan Culkin is hit by Michael McCarron and loses puck.
3:32 of 3rd period - Icing by Joshua Jacobs.
3:33 of 3rd period - Shane Pinto wins face-off versus Adam Brooks in Wolfpack zone.
3:33 of 3rd period - Shane Pinto is hit by Teemu Pulkkinen.
3:49 of 3rd period - Snap shot by Teemu Pulkkinen.
3:49 of 3rd period - Shot Misses the Net.
4:27 of 3rd period - Cale Fleury is hit by Matt Grzelcyk and loses puck.
4:50 of 3rd period - Slapshot by Yegor Korshkov.
4:50 of 3rd period - Goal by Yegor Korshkov - Americans : 2 - Wolfpack : 7.
4:51 of 3rd period - Adam Brooks wins face-off versus Dryden Hunt in neutral zone.
5:23 of 3rd period - Daniel Sprong is hit by Alexander Barabanov and loses puck.
5:38 of 3rd period - Snap shot by Linus Sandin.
5:38 of 3rd period - Shot Misses the Net.
6:18 of 3rd period - Slapshot by Matt Grzelcyk.
6:18 of 3rd period - Stopped by Charlie Lindgren with a rebound.
6:20 of 3rd period - Snap shot by Ryan Fitzgerald.
6:20 of 3rd period - Shot Blocked by Dryden Hunt.
6:22 of 3rd period - Slapshot by Matt Grzelcyk.
6:22 of 3rd period - Stopped by Charlie Lindgren without a rebound.
6:23 of 3rd period - Nolan Patrick wins face-off versus Adam Brooks in Wolfpack zone.
6:55 of 3rd period - Wrist shot by Owen Tippet.
6:55 of 3rd period - Shot Misses the Net.
7:50 of 3rd period - Joshua Jacobs is hit by Devon Teows and loses puck.
8:51 of 3rd period - Wrist shot by Sebastian Collberg.
8:51 of 3rd period - Shot Misses the Net.
9:05 of 3rd period - Icing by Sebastian Collberg.
9:06 of 3rd period - Ryan Fitzgerald wins face-off versus Nolan Patrick in Wolfpack zone.
10:47 of 3rd period - Slapshot by Ryan Culkin.
10:47 of 3rd period - Shot Blocked by John Leonard.
10:49 of 3rd period - Wrist shot by Shane Pinto.
10:49 of 3rd period - Shot Blocked by Matt Grzelcyk.
10:51 of 3rd period - Slapshot by Joshua Jacobs.
10:51 of 3rd period - Stopped by Peyton Jones with a rebound.
10:53 of 3rd period - Snap shot by Jeffrey Viel.
10:53 of 3rd period - Shot Blocked by Spencer Stastney.
12:50 of 3rd period - Devon Teows is hit by Yegor Korshkov.
13:56 of 3rd period - Matt Grzelcyk is hit by Derrick Pouliot and loses puck.
14:11 of 3rd period - Derrick Pouliot is hit by Devon Teows and loses puck.
14:22 of 3rd period - Colton White is hit by Jacob Larsson and loses puck.
14:50 of 3rd period - Icing by Andrei Altybarmakyan.
14:51 of 3rd period - Nathan Noel wins face-off versus Jake Marchment in Wolfpack zone.
15:17 of 3rd period - Wrist shot by Jake Marchment.
15:17 of 3rd period - Shot Blocked by Alex Schoenborn.
15:19 of 3rd period - Slapshot by Jake Marchment.
15:19 of 3rd period - Stopped by Peyton Jones without a rebound.
15:20 of 3rd period - Ryan Fitzgerald wins face-off versus Nolan Patrick in Americans zone.
15:31 of 3rd period - Ryan Culkin is hit by Ryan Fitzgerald and loses puck.
15:46 of 3rd period - Adam Brooks is hit by Owen Tippet and loses puck.
16:42 of 3rd period - Shane Pinto is hit by Dillon Heatherington and loses puck.
17:09 of 3rd period - Slapshot by Derrick Pouliot.
17:09 of 3rd period - Stopped by Peyton Jones with a rebound.
17:15 of 3rd period - Alexander Barabanov is hit by Michael McCarron.
17:27 of 3rd period - Ryan Fitzgerald is hit by Derrick Pouliot and loses puck.
17:34 of 3rd period - Derrick Pouliot is hit by Daniel Sprong and loses puck.
17:49 of 3rd period - Matt Grzelcyk is hit by Nolan Patrick and loses puck.
18:36 of 3rd period - Alexander Barabanov is hit by Teemu Pulkkinen and loses puck.
18:49 of 3rd period - Slapshot by Ryan Culkin.
18:49 of 3rd period - Stopped by Peyton Jones with a rebound.
18:51 of 3rd period - Wrist shot by Alex Barre-Boulet.
18:51 of 3rd period - Shot Misses the Net.
18:53 of 3rd period - Snap shot by Alexander Barabanov.
18:53 of 3rd period - Shot Blocked by Alex Schoenborn.
19:09 of 3rd period - Slapshot by Owen Tippet.
19:09 of 3rd period - Stopped by Peyton Jones with a rebound.
19:11 of 3rd period - Slapshot by Cale Fleury.
19:11 of 3rd period - Stopped by Peyton Jones without a rebound.
19:12 of 3rd period - Nolan Patrick wins face-off versus Adam Brooks in Americans zone.
19:42 of 3rd period - Ryan Culkin is hit by Teemu Pulkkinen and loses puck.
19:49 of 3rd period - Snap shot by Adam Brooks.
19:49 of 3rd period - Stopped by Charlie Lindgren without a rebound.
19:50 of 3rd period - Nolan Patrick wins face-off versus Ryan Fitzgerald in Wolfpack zone.
19:52 of 3rd period - Double Minor Penalty to Joshua Jacobs for High sticking.
19:53 of 3rd period - Nolan Patrick wins face-off versus Adam Brooks in Wolfpack zone.
Goals for this period are 0 for Americans vs 3 for Wolfpack.
Shots for this period are 5 for Americans vs 12 for Wolfpack.